 Dungeon Crawl Stone Soup version 0.32-a0-131-g9dbbe29261 (webtiles) character file.

Game seed: 7505937163023064228

3593 SageOfSlaughter the Toxicologist (level 10, -1/92 HPs)
             Began as a Naga Alchemist on Feb 8, 2024.
             Was a Priest of Cheibriados.
             Slain by a vampire mosquito (5 damage)
             ... on level 11 of the Dungeon.
             The game lasted 00:16:29 (8998 turns).

SageOfSlaughter the Toxicologist (Naga Alchemist)   Turns: 8998, Time: 00:16:30

Health: -1/92      AC:  7    Str: 17    XL:     10   Next: 10%
Magic:  20/20      EV: 10    Int: 25    God:    Cheibriados [***...]
Gold:   97         SH:  0    Dex: 21    Spells: 18/23 levels left

rFire   x . .        l - +4 flail of Rorog {venom, rF- Will++ Dex+3 SInv}
rCold   . . .        f - orb {*channel}
rNeg    . . .        M - +0 steam dragon scales
rPois   +            w - +0 helmet
rElec   .            (no cloak)
rCorr   .            d - +0 pair of gloves
SInv    +            (no barding)
Will    +++..        K - amulet of magic regeneration
Stlth   +++          Z - ring of wizardry
HPRegen 0.35/turn    (no ring)
MPRegen 0.57/turn

%: wizardry (x1), channel magic (20%)
@: very slow
A: AC +3, large, see invisible, deformed body, poison resistance, slowness 2,
spit poison 1, naga tail 1
a: Spit Poison, Renounce Religion, Bend Time, Temporal Distortion


You were on level 11 of the Dungeon.
You worshipped Cheibriados.
Cheibriados was most pleased with you.
You visited 2 branches of the dungeon, and saw 11 of its levels.

You collected 355 gold pieces.
You spent 258 gold pieces at shops.

Inventory:

Hand Weapons
 l - the +4 flail of Rorog (weapon) {venom, rF- Will++ Dex+3 SInv}
   (You found it on level 5 of the Dungeon)

   Dex+3:     It affects your dexterity (+3).
   rF-:       It makes you vulnerable to fire.
   Will++:    It greatly increases your willpower.
   SInv:      It lets you see invisible.
Missiles
 y - a curare-tipped dart {=f}
Armour
 a - a +0 robe
 d - a +0 pair of gloves (worn)
 f - an orb of energy (worn)
 j - an orb of wrath
 w - a +0 helmet (worn)
 z - the +0 scale mail of Ru's Castigation {rElec Dex+2}
   (You found it on level 6 of the Dungeon)

   Dex+2:     It affects your dexterity (+2).
   rElec:     It insulates you from electricity.
 M - +0 steam dragon scales (worn)
Jewellery
 K - an amulet of magic regeneration (around neck)
 Z - a ring of wizardry (left hand)
Wands
 i - a wand of charming (44)
 x - a wand of polymorph (5)
 L - a wand of roots (5)
Scrolls
 c - 2 scrolls of blinking {!r}
 o - 4 scrolls of teleportation {@r4}
 p - 4 scrolls of amnesia
 r - 3 scrolls of vulnerability {!r!r}
 t - a scroll of fear
 u - 2 scrolls of fog
 A - a scroll of silence {!r!r}
 C - 3 scrolls of noise {unknown}
 H - a scroll of brand weapon {unknown}
 I - a scroll of enchant weapon
 J - a scroll of poison
Potions
 b - 2 potions of magic
 e - 3 potions of brilliance
 g - 4 potions of enlightenment {unknown}
 h - 4 potions of curing {@q1}
 k - 2 potions of heal wounds {unknown}
 m - 2 potions of invisibility {unknown}
 n - a potion of might {unknown}
 q - 2 potions of ambrosia {unknown}
 s - 2 potions of cancellation {unknown}
 v - 2 potions of haste {unknown}
 B - a potion of mutation {unknown}
 D - a potion of resistance {unknown}
 E - 3 potions of degeneration {unknown}
 F - 2 potions of berserk rage {unknown}


   Skills:
 + Level 6.4 Fighting
 - Level 1.5 Dodging
 - Level 3.0 Stealth
 + Level 7.2 Spellcasting
 - Level 1.0 Conjurations
 - Level 10.0 Alchemy
 + Level 6.9 Invocations


You had 18 spell levels left.
You knew the following spells:

 Your Spells              Type           Power      Damage    Failure   Level
o - Olgreb's Toxic Radia  Alch           56%        N/A       2%          4
s - Sting                 Conj/Alch      100%       1d9       1%          1

Your spell library contained the following spells:

 Spells                   Type           Power      Damage    Failure   Level
 Mercury Vapours          Alch/Air       68%        N/A       2%          2
 Cigotuvi's Dreadful Rot  Necr/Alch/Air  50%        N/A       4%          2
 Magic Dart               Conj           56%        1d5       5%          1
 Mephitic Cloud           Conj/Alch/Air  27%        N/A       5%          3
 Summon Small Mammal      Summ           36%        N/A       8%          1
 Searing Ray              Conj           28%        2d5       8%          2
 Fulminant Prism          Conj/Alch      18%        3d10      8%          4
 Sticky Flame             Fire/Alch      34%        2d7       9%          4
 Ensorcelled Hibernation  Hex/Ice        18%        N/A       10%         2
 Lesser Beckoning         Tloc           18%        N/A       10%         2
 Dazzling Flash           Conj/Hex       22%        N/A       14%         3
 Call Canine Familiar     Summ           9%         N/A       17%         3
 Gell's Gravitas          Tloc           9%         N/A       17%         3
 Passwall                 Erth           9%         N/A       17%         3
 Swiftness                Air            9%         N/A       17%         3
 Teleport Other           Tloc           9%         N/A       17%         3
 Dispel Undead            Necr           9%         3d8       41%         4
 Martyr's Knell           Necr/Summ      9%         N/A       41%         4
 Summon Blazeheart Golem  Fire/Summ      9%         N/A       41%         4
 Curse of Agony           Necr           9%         N/A       71%         5
 Silence                  Hex/Air        4%         N/A       71%         5
 Death Channel            Necr           4%         N/A       99%         6


Dungeon Overview and Level Annotations

Branches:
Dungeon (11/15)            Temple (1/1) D:5
   Lair: D:8-11         Orc: D:9-12

Altars:
Ashenzari
Cheibriados
Dithmenos
Elyvilon
Fedhas
Gozag
Hepliaklqana
Kikubaaqudgha
Makhleb
Nemelex Xobeh
Qazlal
Ru
Trog
Uskayaw
Vehumet
Wu Jian
Xom
Yredelemnul
Zin
The Shining One

Shops:
D:7 *

Annotations:
D:3 ignis


Innate Abilities, Weirdness & Mutations

Your serpentine skin is tough. (AC +3)
You have supernaturally acute eyesight. (SInv)
Armour fits poorly on your strangely shaped body.
Your system is resistant to poisons. (rPois)
You cover ground very slowly.
You can spit poison.
You have a snake-like lower body.


Message History

You hear the flapping of tiny wings.
The vampire mosquito is knocked back by the sudden gust.
The vampire mosquito completely misses your butterfly.
The vampire mosquito closely misses your butterfly.
The vampire mosquito misses your butterfly.
You swap places.
The vampire mosquito barely misses your butterfly.
The vampire mosquito closely misses your butterfly.
The vampire mosquito completely misses your butterfly.
The vampire mosquito misses your butterfly.
The vampire mosquito bites your butterfly.
Your butterfly dies!
Your butterfly disappears in a burst of colours!
The vampire mosquito bites your butterfly.
Your butterfly dies!
Your butterfly disappears in a burst of colours!
You swap places.
The vampire mosquito misses your butterfly.
The vampire mosquito bites your butterfly.
Your butterfly dies!
Your butterfly disappears in a burst of colours!
The vampire mosquito misses your butterfly.
You swap places.
The vampire mosquito bites you but does no damage.
The vampire mosquito bites you.
* * * LOW HITPOINT WARNING * * *
The vampire mosquito draws strength from your injuries!
The vampire mosquito barely misses you. The vampire mosquito bites you!
* * * LOW HITPOINT WARNING * * *
The vampire mosquito draws strength from your injuries!
The vampire mosquito bites you!
* * * LOW HITPOINT WARNING * * *
The vampire mosquito draws strength from your injuries!
Unknown command.
You feel better.
The vampire mosquito bites you but does no damage.
The vampire mosquito bites you.
* * * LOW HITPOINT WARNING * * *
The vampire mosquito draws strength from your injuries!
The vampire mosquito closely misses you.
The vampire mosquito bites you.
* * * LOW HITPOINT WARNING * * *
The vampire mosquito draws strength from your injuries!
You feel better. The vampire mosquito bites you.
* * * LOW HITPOINT WARNING * * *
The vampire mosquito draws strength from your injuries!
The vampire mosquito completely misses you.
The vampire mosquito bites you.
You die...
Cheibriados appreciates the motionlessness of death. .....#$.### #.....b.. ...##...# ...bb.# ##b#bb########## #bbbbbbb.b.b...#

#.bb.bbbbbb....#
#..b.ybbb....[.#
###..bby@........##
#.).######[.b.....####
.......###
#....<....... .......
#.......##### .....##
######### #####


You could see 2 vampire mosquitoes.

Vanquished Creatures
  A hornet (D:7)
  A wraith (D:10)
  4 yaks (D:7)
  2 steam dragons
  A vampire mosquito (D:11)
  2 water moccasins
  An orc warrior (D:8)
  3 ice beasts
  3 sky beasts
  2 black bears (D:5)
  An ogre (D:4)
  A centaur (D:8)
  A phantom (D:6)
  2 kobold brigands
  A bullfrog (D:8)
  A gnoll sergeant (D:7)
  2 scorpions (D:5)
  2 jellies
  A bombardier beetle (D:7)
  2 hounds (D:5)
  2 orc priests (D:8)
  3 iguanas
  A sleepcap (D:6)
  An orc wizard (D:8)
  Robin (D:4)
  6 gnolls
  12 adders
  2 white imps
  6 ufetubi
  2 dart slugs
  16 orcs
  2 bats
  5 endoplasms
  6 giant cockroaches
  13 goblins
  6 hobgoblins
  4 jackals (D:1)
  14 kobolds
  3 quokkas
  6 ball pythons
  2 frilled lizards
  7 rats
154 creatures vanquished.

Notes
Turn   | Place    | Note
-------+----------+-------------------------------------------
     0 | D:1      | SageOfSlaughter the Naga Alchemist began the quest for the
                  | Orb.
     0 | D:1      | Reached XP level 1. HP: 15/15 MP: 3/3
   186 | D:1      | Reached XP level 2. HP: 21/22 MP: 0/5
   243 | D:1      | Reached skill level 4 in Alchemy
   424 | D:1      | Reached XP level 3. HP: 28/28 MP: 3/6
  1268 | D:2      | Reached skill level 3 in Spellcasting
  1316 | D:2      | Reached XP level 4. HP: 36/36 MP: 2/8
  1889 | D:3      | Identified the +7 hand axe of the Warrior-Mage {chaos,
                  | *Noise rN++ rCorr Str+3}
  2046 | D:3      | Reached skill level 5 in Alchemy
  2139 | D:3      | Found a faded altar of an unknown god.
  2369 | D:3      | Found a sparkling altar of Nemelex Xobeh.
  2372 | D:3      | Found a radiant altar of Vehumet.
  3015 | D:4      | Found a shimmering altar of Xom.
  3030 | D:4      | Noticed an ogre
  3037 | D:4      | Killed an ogre
  3038 | D:4      | Reached XP level 5. HP: 11/42 MP: 4/10
  3181 | D:4      | Reached skill level 6 in Alchemy
  3367 | D:4      | Noticed Robin
  3403 | D:4      | Learned a level 4 spell: Olgreb's Toxic Radiance
  3412 | D:4      | Reached XP level 6. HP: 49/49 MP: 8/12
  3604 | D:4      | Killed Robin
  3849 | D:5      | Entered Level 5 of the Dungeon
  3872 | D:5      | Found a staircase to the Ecumenical Temple.
  3927 | Temple   | Entered the Ecumenical Temple
  3940 | Temple   | Became a worshipper of Cheibriados the Contemplative
  3969 | D:5      | Found a blossoming altar of Fedhas.
  4180 | D:5      | Noticed a black bear
  4186 | D:5      | Killed a black bear
  4187 | D:5      | Reached skill level 7 in Alchemy
  4392 | D:5      | Reached skill level 8 in Alchemy
  4392 | D:5      | Reached XP level 7. HP: 55/55 MP: 1/13
  4875 | D:5      | Reached skill level 9 in Alchemy
  5045 | D:5      | Identified the +4 flail of Rorog {venom, rF- Will++ Dex+3
                  | SInv}
  5357 | D:6      | Reached * piety under Cheibriados
  5389 | D:6      | Reached skill level 10 in Alchemy
  5389 | D:6      | Reached skill level 1 in Invocations
  5389 | D:6      | Reached XP level 8. HP: 27/63 MP: 8/14
  5439 | D:6      | Reached skill level 1 in Fighting
  5948 | D:6      | Identified the +0 scale mail of Ru's Castigation {rElec
                  | Dex+2}
  6174 | D:6      | Found a glowing silver altar of Zin.
  6444 | D:6      | Reached ** piety under Cheibriados
  6738 | D:7      | Reached skill level 3 in Fighting
  6738 | D:7      | Reached skill level 3 in Invocations
  6928 | D:7      | Found a sacrificial altar of Ru.
  7071 | D:7      | Noticed a yak
  7071 | D:7      | Noticed a yak
  7072 | D:7      | Noticed a yak
  7073 | D:7      | Noticed a yak
  7078 | D:7      | Killed a yak
  7079 | D:7      | Killed a yak
  7080 | D:7      | Reached XP level 9. HP: 67/78 MP: 3/17
  7215 | D:7      | Noticed a hornet
  7218 | D:7      | Killed a hornet
  7219 | D:7      | Reached skill level 6 in Spellcasting
  7466 | D:7      | Found Teawidull's Assorted Antiques.
  7471 | D:7      | Bought an emerald potion for 27 gold pieces
  7471 | D:7      | Bought 3 murky blue potions for 81 gold pieces
  7471 | D:7      | Bought a scroll of teleportation for 90 gold pieces
  7471 | D:7      | Bought a scroll labelled AMOF VUNOSE for 30 gold pieces
  7471 | D:7      | Bought a scroll labelled QYLY XEALUAWK for 30 gold pieces
  8398 | D:8      | Reached skill level 6 in Invocations
  8506 | D:8      | Found a burning altar of Makhleb.
  8767 | D:8      | You fall into a shaft and drop 3 floors!
  8777 | D:10     | Entered Level 10 of the Dungeon
  8782 | D:10     | Reached *** piety under Cheibriados
  8783 | D:10     | Reached skill level 6 in Fighting
  8783 | D:10     | Reached XP level 10. HP: 91/91 MP: 11/20
  8996 | D:11     | HP: 4/92 [vampire mosquito (7)]
  8998 | D:11     | Slain by a vampire mosquito

Illustrated notes

Levels and vault maps discovered:
D:1:      heliophobic_arrival_battle_scene, layout_loops_cross
D:2:      layout_loops_ring
D:3:      layout_loops_cross, nicolae_overflow_hidden_temple,
          chequers_ecumenical_altar_simple_redux
D:4:      layout_rooms, mainiacjoe_overflow_small_starburst,
          nicolae_houndstooth_variations, uniq_robin
D:5:      layout_basic, fedhas_altar_2, minmay_temple_entry_antechambers,
          dreamdust_mushroom_princess
D:6:      layout_basic, zin_academy
D:7:      layout_basic, lemuel_round_altar, serial_shops, shop, glass_columns_c,
          nicolae_the_louvre
D:8:      layout_loops_ring, lemuel_round_altar
D:10:     layout_roguey, mainiacjoe_overflow_brackets, okawaru_metal_pillars_3,
          corner_web_ring
D:11:     layout_rooms, due_lair_maze_entry_diamond,
          dreamdust_deal_with_the_devil, minivault_1
Temple:   cyrus_circular_temple

Skill      XL: |  1  2  3  4  5  6  7  8  9 |
---------------+----------------------------+-----
Alchemy        | 4 5 6 8 10 | 10.0
Spellcasting   | 3 4 5 7 |  7.2
Invocations    | 1 4 6 |  6.9
Fighting       | 4 6 |  6.4
Dodging        | |  1.5
Stealth        | |  3.0
Conjurations   | |  1.0

Action                     |  1- 3 |  4- 6 |  7- 9 | 10-12 || total
---------------------------+-------+-------+-------+-------++-------
  Melee: Unarmed           |     5 |     9 |       |       ||    14
         Hand axe          |       |     4 |       |       ||     4
         Flail             |       |       |    29 |    24 ||    53
   Cast: Sting             |    56 |    95 |   123 |       ||   274
         Olgreb's Toxic Ra |       |     8 |    50 |       ||    58
Ability: Spit Poison       |     3 |     7 |     2 |       ||    12
  Evoke: Wand              |       |       |       |     4 ||     4
    Use: Scroll            |       |    11 |     3 |     1 ||    15
         Potion            |       |       |     1 |     2 ||     3
   Stab: Sleeping          |       |     1 |       |       ||     1
 Armour: Robe              |     9 |    29 |    77 |    17 ||   132
         Skin              |       |     6 |     3 |       ||     9
         Steam dragon scal |       |       |       |    33 ||    33
  Dodge: Dodged            |    11 |    24 |    64 |    23 ||   122

Table legend: (Time is in decaauts)
 A = Elapsed time spent in this place.
 B = Non-inter-level travel time spent in this place.
 C = Inter-level travel time spent in this place.
 D = Time resting spent in this place.
 E = Time spent auto-exploring this place.
 F = Levels seen in this place.
 G = Mean time per level.
                   A        B        C        D        E       F      G
               +--------+--------+--------+--------+--------+-----+--------+
         Total |  12442 |  11610 |    832 |    605 |   9843 |  11 | 1131.1 |
       Dungeon |  12412 |  11609 |    803 |    605 |   9843 |  10 | 1241.2 |
        Temple |     30 |      1 |     29 |      0 |      0 |   1 |   30.0 |
               +--------+--------+--------+--------+--------+-----+--------+

Top non-repeatable levels by time:
     D:7: 2366 daAuts
     D:6: 1985 daAuts
     D:5: 1877 daAuts
     D:4: 1649 daAuts
     D:1: 1215 daAuts
     D:2: 1065 daAuts
     D:3: 1031 daAuts
     D:8: 916 daAuts
    D:10: 219 daAuts
    D:11: 85 daAuts
  Temple: 30 daAuts
